[Event "Najdorf Memorial-A 2022"]
[Site "Warsaw"]
[Date "2022.07.13"]
[Round "5.8"]
[White "Iwanczuk, Krzysztof"]
[Black "Bojczewski, Mateusz"]
[Result "1/2-1/2"]
[ECO "B12"]
[WhiteElo "1947"]
[BlackElo "1735"]
[Annotator "ChessBase"]
[PlyCount "108"]
[EventDate "2022.07.09"]
[EventType "swiss"]
[EventCountry "POL"]
[SourceTitle "playchess.com"]
[Source "ChessBase"]
[SourceQuality "1"]
[TimeControl "40/5400+30:1800+30"]

1. e4 c6 2. d4 d5 3. e5 Bf5 4. Nd2 e6 5. Nb3 Nd7 6. Nf3 Qc7 7. Be2 h6 8. O-O c5 9. dxc5 Ne7 10. c4 dxc4 11. Bxc4 Nxe5 12. Nxe5 Qxe5 13. Re1 Qc7 14. Bb5+ Nc6 15. Nd4 O-O-O 16. Bxc6 bxc6 17. Qa4 Bxc5 18. Nxc6 Rd6 19. Ne5 f6 20. Nc4 Rc6 21. Be3 Bc2 22. b3 Bxe3 23. Nxe3 Rd8 24. Nxc2 Rxc2 25. Qa6+ Kb8 26. Qxe6 Qf4 27. Re2 Rdd2 28. Qe8+ Kc7 29. Qe7+ Kb8 30. Qe8+ Kc7 31. Qf7+ Kb6 32. Re6+ Rd6 33. Rxd6+ Qxd6 34. Qxg7 Rxf2 35. Qg3 Qxg3 36. hxg3 Rf5 37. Rf1 Rxf1+ 38. Kxf1 Kc5 39. Ke2 Kb4 40. Kd3 Ka3 41. Kc4 Kxa2 42. b4 Ka3 43. b5 Ka4 44. g4 Ka5 45. Kc5 Ka4 46. b6 axb6+ 47. Kxb6 Kb4 48. Kc6 Kc4 49. Kd6 Kd4 50. Ke6 Ke4 51. Kxf6 Kf4 52. Kg6 Kxg4 53. Kxh6 Kg3 54. Kg5 Kxg2 1/2-1/2

[Event "Najdorf Memorial-A 2022"]
[Site "Warsaw"]
[Date "2022.07.13"]
[Round "5.9"]
[White "Padalka, Artem"]
[Black "Siekanska, Zuzanna"]
[Result "0-1"]
[ECO "A14"]
[WhiteElo "2204"]
[BlackElo "1712"]
[Annotator "ChessBase"]
[PlyCount "61"]
[EventDate "2022.07.09"]
[EventType "swiss"]
[EventCountry "POL"]
[SourceTitle "playchess.com"]
[Source "ChessBase"]
[SourceQuality "1"]
[TimeControl "40/5400+30:1800+30"]

1. Nf3 e6 2. c4 Nf6 3. g3 d5 4. Bg2 Be7 5. O-O O-O 6. d3 c5 7. Nc3 Nc6 8. e4 d4 9. Ne2 a6 10. Ne1 Rb8 11. f4 Ng4 12. Nc2 b5 13. b3 bxc4 14. bxc4 Nb4 15. Rb1 Bb7 16. Nexd4 Nh6 17. a3 Nxd3 18. Rxb7 Rxb7 19. Nc6 Qb6 20. Nxe7+ Rxe7 21. Qxd3 Rd8 22. Qc3 Red7 23. f5 Rd3 24. Qe5 exf5 25. Ne3 f6 26. Qf4 R3d4 27. Nd5 Qd6 28. Qxd6 Rxd6 29. Bxh6 gxh6 30. Ne7+ Kf7 31. Nxf5 0-1

[Event "Najdorf Memorial-A 2022"]
[Site "Warsaw"]
[Date "2022.07.13"]
[Round "5.9"]
[White "Polak, Michal"]
[Black "Niezhentsev, Kyrylo"]
[Result "1-0"]
[ECO "B40"]
[WhiteElo "1944"]
[BlackElo "1721"]
[Annotator "ChessBase"]
[PlyCount "71"]
[EventDate "2022.07.09"]
[EventType "swiss"]
[EventCountry "POL"]
[SourceTitle "playchess.com"]
[Source "ChessBase"]
[SourceQuality "1"]
[TimeControl "40/5400+30:1800+30"]

1. e4 c5 2. Nf3 e6 3. d4 cxd4 4. Nxd4 Nf6 5. Nc3 Nc6 6. Nxc6 bxc6 7. Bd3 d5 8. O-O Bd6 9. Qe2 Qc7 10. f4 Bc5+ 11. Kh1 O-O 12. e5 Nd7 13. Rf3 g6 14. Bd2 Re8 15. Re1 a6 16. Nd1 Qb6 17. Rh3 a5 18. Qg4 Qd8 19. Ne3 Ba6 20. Be2 Bxe2 21. Qxe2 a4 22. Ng4 Qe7 23. Rd1 Rab8 24. b3 axb3 25. axb3 Qf8 26. Nh6+ Kh8 27. Bc3 Qg7 28. g4 Ra8 29. f5 gxf5 30. gxf5 Ra2 31. Qh5 Bf2 32. Nxf7+ Kg8 33. Nh6+ Kf8 34. fxe6 Rxe6 35. Rf3+ Ke7 36. Nf5+ 1-0

[Event "Najdorf Memorial-A 2022"]
[Site "Warsaw"]
[Date "2022.07.13"]
[Round "5.10"]
[White "Kotowicz, Kamil"]
[Black "Ratajczak, Hubert"]
[Result "0-1"]
[ECO "A05"]
[WhiteElo "1770"]
[BlackElo "1943"]
[Annotator "ChessBase"]
[PlyCount "68"]
[EventDate "2022.07.09"]
[EventType "swiss"]
[EventCountry "POL"]
[SourceTitle "playchess.com"]
[Source "ChessBase"]
[SourceQuality "1"]
[TimeControl "40/5400+30:1800+30"]

1. Nf3 Nf6 2. b3 g6 3. Bb2 Bg7 4. c4 O-O 5. g3 c5 6. Bg2 b6 7. O-O Bb7 8. d3 d5 9. cxd5 Nxd5 10. Bxg7 Kxg7 11. Qd2 e6 12. Na3 Nc6 13. h4 e5 14. Nc4 f6 15. Rac1 Qe7 16. Nh2 Rad8 17. Ng4 f5 18. Ngxe5 Nxe5 19. Qb2 Rfe8 20. f4 Kg8 21. fxe5 Ba8 22. a4 a6 23. Bxd5+ Rxd5 24. Nxb6 Rxe5 25. Rf2 Re3 26. Nxa8 Rxg3+ 27. Kf1 Qxh4 28. e4 Qh3+ 29. Ke1 Rxd3 30. Rc4 Rxe4+ 31. Rxe4 Qh1+ 32. Rf1 Qxe4+ 33. Kf2 Rf3+ 34. Kg1 Rg3+ 0-1

[Event "Najdorf Memorial-A 2022"]
[Site "Warsaw"]
[Date "2022.07.13"]
[Round "5.11"]
[White "Fiedorek, Michal"]
[Black "Pancewicz, Szymon"]
[Result "1-0"]
[ECO "B47"]
[WhiteElo "2289"]
[BlackElo "1756"]
[Annotator "ChessBase"]
[PlyCount "73"]
[EventDate "2022.07.09"]
[EventType "swiss"]
[EventCountry "POL"]
[SourceTitle "playchess.com"]
[Source "ChessBase"]
[SourceQuality "1"]
[TimeControl "40/5400+30:1800+30"]

1. e4 c5 2. Nf3 e6 3. d4 cxd4 4. Nxd4 Nc6 5. Nc3 Qc7 6. g3 a6 7. Bg2 Nf6 8. O-O Nxd4 9. Qxd4 Bc5 10. Bf4 d6 11. Qd2 h6 12. Rad1 e5 13. Be3 Be6 14. Bxc5 dxc5 15. Nd5 Bxd5 16. exd5 Qd6 17. Rfe1 O-O 18. Re3 b5 19. b3 Rab8 20. Rde1 Nd7 21. Bh3 f5 22. Rf3 Qg6 23. d6 Kh8 24. Rd3 Rf6 25. Qa5 Rb6 26. Rxe5 Nxe5 27. Qxb6 Nxd3 28. Qb8+ Kh7 29. d7 Rd6 30. d8=Q Rxd8 31. Qxd8 Nf4 32. Bf1 Ne6 33. Qd6 b4 34. Bc4 Qg5 35. Qxe6 Qc1+ 36. Kg2 Qxc2 37. Qd5 1-0

[Event "Najdorf Memorial-A 2022"]
[Site "Warsaw"]
[Date "2022.07.13"]
[Round "5.11"]
[White "Sowul, Bartosz"]
[Black "Liberadzki, Slawomir"]
[Result "1-0"]
[ECO "B24"]
[WhiteElo "2283"]
[BlackElo "2035"]
[Annotator "ChessBase"]
[PlyCount "43"]
[EventDate "2022.07.09"]
[EventType "swiss"]
[EventCountry "POL"]
[SourceTitle "playchess.com"]
[Source "ChessBase"]
[SourceQuality "1"]
[TimeControl "40/5400+30:1800+30"]

1. e4 c5 2. Nc3 Nc6 3. Bb5 Nd4 4. Nf3 Nxb5 5. Nxb5 a6 6. Nc3 d6 7. d4 cxd4 8. Qxd4 Nf6 9. Bg5 Bg4 10. h3 Bxf3 11. gxf3 Qa5 12. h4 Qc5 13. Qd2 e6 14. O-O-O Be7 15. Rhg1 O-O 16. Bh6 Ne8 17. Nd5 exd5 18. Bxg7 f6 19. Bxf8+ Kxf8 20. Qh6+ Kf7 21. Qxh7+ Ke6 22. Qf5+ 1-0

[Event "Najdorf Memorial-A 2022"]
[Site "Warsaw"]
[Date "2022.07.13"]
[Round "5.12"]
[White "Dovzhenko, Alexander"]
[Black "Fiszer, Bartosz"]
[Result "0-1"]
[ECO "E62"]
[WhiteElo "1973"]
[BlackElo "2228"]
[Annotator "ChessBase"]
[PlyCount "56"]
[EventDate "2022.07.09"]
[EventType "swiss"]
[EventCountry "POL"]
[SourceTitle "playchess.com"]
[Source "ChessBase"]
[SourceQuality "1"]
[TimeControl "40/5400+30:1800+30"]

1. Nf3 Nf6 2. g3 g6 3. Bg2 Bg7 4. O-O O-O 5. d4 d6 6. c4 Nc6 7. Nc3 Bg4 8. h3 Bxf3 9. Bxf3 Nd7 10. Be3 e5 11. d5 Ne7 12. Rc1 f5 13. b4 f4 14. gxf4 exf4 15. Bd4 Nf5 16. Bxg7 Kxg7 17. Bg4 Qh4 18. Nb5 Ne5 19. e4 fxe3 20. Nxc7 exf2+ 21. Rxf2 Ne3 22. Ne6+ Kh6 23. Qd2 Qxf2+ 24. Qxf2 Rxf2 25. Kxf2 N3xg4+ 26. Kg3 Ne3 27. c5 dxc5 28. d6 Nf5+ 0-1

[Event "Najdorf Memorial-A 2022"]
[Site "Warsaw"]
[Date "2022.07.13"]
[Round "5.12"]
[White "Kaminski, Jan"]
[Black "Janeczko, Jakub"]
[Result "0-1"]
[ECO "B32"]
[WhiteElo "1870"]
[BlackElo "2080"]
[Annotator "ChessBase"]
[PlyCount "88"]
[EventDate "2022.07.09"]
[EventType "swiss"]
[EventCountry "POL"]
[SourceTitle "playchess.com"]
[Source "ChessBase"]
[SourceQuality "1"]
[TimeControl "40/5400+30:1800+30"]

1. e4 c5 2. Nf3 Nc6 3. d4 cxd4 4. Nxd4 e5 5. Nb5 d6 6. c4 Be7 7. Be2 Nf6 8. N1c3 a6 9. Na3 O-O 10. Nc2 Be6 11. O-O Rc8 12. b3 b5 13. cxb5 axb5 14. Bb2 b4 15. Nd5 Nxe4 16. Ncxb4 Nxb4 17. Nxb4 d5 18. Nd3 f6 19. Rc1 Qb6 20. Bg4 Rxc1 21. Bxe6+ Qxe6 22. Qxc1 Qa6 23. Qe3 Qxa2 24. f3 Qxb2 25. Nxb2 Bc5 26. Re1 Bxe3+ 27. Rxe3 Nd6 28. Rc3 Rc8 29. Rxc8+ Nxc8 30. Kf2 Kf7 31. Ke3 Ke6 32. Na4 d4+ 33. Kd3 Kd5 34. g4 g6 35. b4 f5 36. gxf5 gxf5 37. b5 e4+ 38. fxe4+ fxe4+ 39. Kd2 Nd6 40. b6 Kc4 41. Kc2 d3+ 42. Kd2 Kd4 43. h4 e3+ 44. Kd1 e2+ 0-1

[Event "Najdorf Memorial-A 2022"]
[Site "Warsaw"]
[Date "2022.07.13"]
[Round "5.13"]
[White "Gorkiewicz, Mateusz"]
[Black "Markiewicz, Jerzy"]
[Result "0-1"]
[ECO "B28"]
[WhiteElo "2023"]
[BlackElo "2205"]
[Annotator "ChessBase"]
[PlyCount "84"]
[EventDate "2022.07.09"]
[EventType "swiss"]
[EventCountry "POL"]
[SourceTitle "playchess.com"]
[Source "ChessBase"]
[SourceQuality "1"]
[TimeControl "40/5400+30:1800+30"]

1. e4 c5 2. Nf3 a6 3. c4 Nc6 4. d4 cxd4 5. Nxd4 e5 6. Nf5 d6 7. Ne3 g6 8. Nc3 Bh6 9. g3 Be6 10. Ned5 Bxc1 11. Rxc1 Rc8 12. h4 h5 13. Bg2 Nd4 14. b3 b5 15. cxb5 axb5 16. O-O Bxd5 17. exd5 Qa5 18. Ne2 Rxc1 19. Nxc1 Ne7 20. f4 Nef5 21. Re1 O-O 22. fxe5 dxe5 23. Nd3 Nxg3 24. Rxe5 Qd8 25. Nf4 Ndf5 26. Qe1 Qxh4 27. Ne2 Nxe2+ 28. Qxe2 Qd4+ 29. Kh2 Qf4+ 30. Kg1 Kg7 31. Re8 Rxe8 32. Qxe8 b4 33. Qc6 Nd4 34. Qc4 Qe3+ 35. Kh2 Qf2 36. Qd3 h4 37. Qe4 f5 38. Qe7+ Kh6 39. Kh1 Ne2 40. Qf8+ Kg5 41. Qe7+ Kg4 42. Qxb4+ f4 0-1

[Event "Najdorf Memorial-A 2022"]
[Site "Warsaw"]
[Date "2022.07.13"]
[Round "5.13"]
[White "Lee, Hyuk"]
[Black "Pires, Emanuel Joao Robarts"]
[Result "1-0"]
[ECO "A08"]
[WhiteElo "1880"]
[BlackElo "2062"]
[Annotator "ChessBase"]
[PlyCount "181"]
[EventDate "2022.07.09"]
[EventType "swiss"]
[EventCountry "POL"]
[SourceTitle "playchess.com"]
[Source "ChessBase"]
[SourceQuality "1"]
[TimeControl "40/5400+30:1800+30"]

1. e4 e6 2. d3 d5 3. Nd2 Nf6 4. Ngf3 c5 5. g3 Nc6 6. Bg2 Be7 7. O-O O-O 8. Re1 b5 9. e5 Nd7 10. Nf1 f6 11. exf6 Nxf6 12. c3 b4 13. Bf4 a5 14. Ng5 e5 15. Bxe5 Ng4 16. Nf3 Bb7 17. Bf4 a4 18. cxb4 cxb4 19. h3 Nh6 20. Bxh6 gxh6 21. d4 Kh8 22. Ne3 Bf6 23. Ng4 Bg7 24. Rc1 Qd6 25. Nge5 Rad8 26. Nxc6 Bxc6 27. Ne5 Be8 28. Rc5 Qf6 29. f4 Qf5 30. Kh2 a3 31. bxa3 bxa3 32. Rxd5 Bh5 33. Qb1 Qc8 34. Rc5 Qa6 35. Nc6 Bg6 36. Qb5 Qxb5 37. Rxb5 Rd6 38. d5 Bb2 39. Be4 Re8 40. Ne5 Kg8 41. Bxg6 hxg6 42. Nd3 Rc8 43. Re2 Bd4 44. h4 Rcd8 45. Nb4 Bf6 46. Re3 Bb2 47. Rb7 R8d7 48. Re7 Rxe7 49. Rxe7 Bc3 50. Nc2 Rxd5 51. Nxa3 Ra5 52. Nc4 Rxa2+ 53. Kh3 Bd4 54. Kg4 Bf6 55. Re8+ Kg7 56. h5 Rc2 57. Nd6 gxh5+ 58. Kxh5 Rh2+ 59. Kg4 h5+ 60. Kf5 Ra2 61. Re3 Ra5+ 62. Ke6 Ra6 63. Rd3 Kg6 64. Rb3 Bg7 65. Rb5 Bh6 66. Ke5 Bg7+ 67. Kd5 Bf8 68. Nc4 Rf6 69. Ke4 Kg7 70. Rxh5 Rg6 71. Kf3 Rc6 72. Ne5 Rc3+ 73. Kg4 Bc5 74. Rg5+ Kh7 75. Kf5 Be7 76. Rg6 Ra3 77. g4 Ra4 78. Re6 Bb4 79. Kf6 Bc3 80. Kg5 Bb4 81. f5 Ra7 82. Nc6 Rg7+ 83. Kh5 Bc5 84. Ne5 Be3 85. Rg6 Re7 86. Nf3 Kh8 87. Ng5 Bd2 88. Re6 Rb7 89. f6 Rb8 90. f7 Kg7 91. Re8 1-0

[Event "Najdorf Memorial-A 2022"]
[Site "Warsaw"]
[Date "2022.07.13"]
[Round "5.14"]
[White "Lasota, Adam"]
[Black "Kaczmarek, Arkadiusz"]
[Result "0-1"]
[ECO "D00"]
[WhiteElo "1892"]
[BlackElo "2147"]
[Annotator "ChessBase"]
[PlyCount "94"]
[EventDate "2022.07.09"]
[EventType "swiss"]
[EventCountry "POL"]
[SourceTitle "playchess.com"]
[Source "ChessBase"]
[SourceQuality "1"]
[TimeControl "40/5400+30:1800+30"]

1. d4 d5 2. Bf4 c5 3. e3 cxd4 4. exd4 Nc6 5. c3 Bf5 6. Nd2 e6 7. Ngf3 h6 8. Ne5 Nge7 9. Ndf3 g5 10. Bg3 f6 11. Nxc6 bxc6 12. Bd3 h5 13. h3 Bxd3 14. Qxd3 Nf5 15. O-O-O Kf7 16. Rhe1 h4 17. Bh2 Bd6 18. Bxd6 Qxd6 19. Re2 a5 20. Rde1 Qf4+ 21. Kb1 Rhe8 22. Rg1 Ng7 23. Ka1 Qf5 24. Qe3 a4 25. g3 hxg3 26. fxg3 Qxh3 27. g4 Qh7 28. Rh2 Qe4 29. Qf2 Ke7 30. Nd2 Qd3 31. Rh6 Rf8 32. Qh2 Kd7 33. a3 Rf7 34. Rf1 Ne8 35. Re1 Nd6 36. Qf2 Raf8 37. Re3 Qc2 38. Re2 Rb8 39. Nb1 Qd3 40. Rd2 Ne4 41. Rxd3 Nxf2 42. Rg3 Ne4 43. Rg2 f5 44. Nd2 fxg4 45. Nxe4 Rf1+ 46. Ka2 dxe4 47. Rg6 e3 0-1

[Event "Najdorf Memorial-A 2022"]
[Site "Warsaw"]
[Date "2022.07.13"]
[Round "5.14"]
[White "Haliniak, Wojciech"]
[Black "Harazinska, Magdalena"]
[Result "1/2-1/2"]
[ECO "B40"]
[WhiteElo "1827"]
[BlackElo "1976"]
[Annotator "ChessBase"]
[PlyCount "68"]
[EventDate "2022.07.09"]
[EventType "swiss"]
[EventCountry "POL"]
[SourceTitle "playchess.com"]
[Source "ChessBase"]
[SourceQuality "1"]
[TimeControl "40/5400+30:1800+30"]

1. e4 c5 2. Nf3 e6 3. d4 cxd4 4. Nxd4 Nf6 5. Bd3 a6 6. O-O d6 7. c4 Be7 8. Nc3 O-O 9. Qe2 b6 10. f4 Bb7 11. Bd2 Nbd7 12. f5 e5 13. Nb3 Nc5 14. Bc2 Nxb3 15. axb3 Bc6 16. Kh1 Re8 17. g4 Nd7 18. Rg1 h6 19. g5 Bxg5 20. Bxg5 hxg5 21. Qh5 Qf6 22. Rxg5 Kf8 23. Qh8+ Ke7 24. Qxg7 Rh8 25. b4 Bb7 26. Nd5+ Bxd5 27. cxd5 Rh4 28. Bd3 Rah8 29. Qxf6+ Nxf6 30. Rg2 Ng4 31. Rxa6 Rxh2+ 32. Rxh2 Rxh2+ 33. Kg1 Rxb2 34. Rxb6 Nf2 1/2-1/2

[Event "Najdorf Memorial-A 2022"]
[Site "Warsaw"]
[Date "2022.07.13"]
[Round "5.15"]
[White "Rozumek, Krzysztof"]
[Black "Szewczyk, Mariusz"]
[Result "1/2-1/2"]
[ECO "A00"]
[WhiteElo "1801"]
[BlackElo "2103"]
[Annotator "ChessBase"]
[PlyCount "71"]
[EventDate "2022.07.09"]
[EventType "swiss"]
[EventCountry "POL"]
[SourceTitle "playchess.com"]
[Source "ChessBase"]
[SourceQuality "1"]
[TimeControl "40/5400+30:1800+30"]

1. h3 e5 2. c3 d5 3. d4 Nc6 4. dxe5 Nxe5 5. Nd2 Nf6 6. Ngf3 Ng6 7. e3 Bd6 8. Bd3 O-O 9. O-O c6 10. b3 Bc7 11. Bb2 Be6 12. c4 dxc4 13. Nxc4 b5 14. Nce5 Bd5 15. Qc2 Nxe5 16. Bxe5 Bxf3 17. Bxc7 Qxc7 18. gxf3 Rad8 19. Rfd1 Qe5 20. f4 Qh5 21. Be2 Qxh3 22. Qxc6 Rc8 23. Qg2 Qxg2+ 24. Kxg2 Ne4 25. Bf3 Rfe8 26. Rd7 a6 27. Rad1 g6 28. Ra7 Rc2 29. Bxe4 Rxe4 30. Rdd7 Rxe3 31. Rxf7 Ree2 32. Rg7+ Kf8 33. Rxh7 Rxf2+ 34. Kg3 Rg2+ 35. Kf3 Rgf2+ 36. Ke4 1/2-1/2

[Event "Najdorf Memorial-A 2022"]
[Site "Warsaw"]
[Date "2022.07.13"]
[Round "5.15"]
[White "Skrzypczynski, Kacper"]
[Black "Pettersson, Alexander"]
[Result "1-0"]
[ECO "D35"]
[WhiteElo "1793"]
[BlackElo "1968"]
[Annotator "ChessBase"]
[PlyCount "77"]
[EventDate "2022.07.09"]
[EventType "swiss"]
[EventCountry "POL"]
[SourceTitle "playchess.com"]
[Source "ChessBase"]
[SourceQuality "1"]
[TimeControl "40/5400+30:1800+30"]

1. d4 d5 2. c4 e6 3. Nc3 Nf6 4. cxd5 exd5 5. Bg5 c6 6. e3 h6 7. Bh4 Be7 8. Bd3 O-O 9. Qc2 Re8 10. Nge2 Nh5 11. Bxe7 Qxe7 12. O-O Nd7 13. Rab1 Nf8 14. b4 Nf6 15. Qb3 Bd7 16. b5 Rad8 17. Qa4 cxb5 18. Bxb5 a6 19. Bxd7 Rxd7 20. Rb6 Rc8 21. Qb3 Ne6 22. Rb1 Rcc7 23. h3 Qd8 24. f3 Qc8 25. Kf2 Qd8 26. Ke1 Nh5 27. Kf2 Qh4+ 28. Kg1 Qg5 29. Nd1 Ng3 30. Nxg3 Qxg3 31. Nf2 Ng5 32. Kf1 Nxf3 33. gxf3 Qxf3 34. Qd3 Re7 35. Rxa6 f5 36. Ra3 Rc4 37. Re1 Re4 38. Qe2 Qg3 39. Nxe4 1-0

[Event "Najdorf Memorial-A 2022"]
[Site "Warsaw"]
[Date "2022.07.13"]
[Round "5.16"]
[White "Vanduyfhuys, Daria"]
[Black "Maslanka, Wojciech"]
[Result "0-1"]
[ECO "E71"]
[WhiteElo "2094"]
[BlackElo "2000"]
[Annotator "ChessBase"]
[PlyCount "78"]
[EventDate "2022.07.09"]
[EventType "swiss"]
[EventCountry "POL"]
[SourceTitle "playchess.com"]
[Source "ChessBase"]
[SourceQuality "1"]
[TimeControl "40/5400+30:1800+30"]

1. d4 Nf6 2. c4 g6 3. Nc3 Bg7 4. e4 d6 5. h3 O-O 6. Nf3 e5 7. Be3 Nc6 8. d5 Ne7 9. g4 Nd7 10. Rg1 Kh8 11. Qd2 a5 12. Be2 Nc5 13. h4 Rg8 14. h5 gxh5 15. gxh5 f5 16. Bg5 Qf8 17. O-O-O fxe4 18. Nh4 Bf6 19. Bh6 Qf7 20. Rxg8+ Kxg8 21. Rg1+ Kh8 22. Bg5 Bd7 23. Qe3 Bxg5 24. Rxg5 Qf4 25. Qxf4 exf4 26. Bg4 h6 27. Ng6+ Kh7 28. Nxe7 hxg5 29. Bxd7 Nxd7 30. Kd2 Nc5 31. Nb5 Re8 32. Nf5 Re5 33. Nfd4 Re7 34. Ke2 Rf7 35. b3 g4 36. a3 g3 37. Kf1 gxf2 38. Kxf2 f3 39. b4 e3+ 0-1

[Event "Najdorf Memorial-A 2022"]
[Site "Warsaw"]
[Date "2022.07.13"]
[Round "5.16"]
[White "Siekanska, Maria"]
[Black "Hertlein, Irena"]
[Result "1/2-1/2"]
[ECO "E62"]
[WhiteElo "1964"]
[BlackElo "1850"]
[Annotator "ChessBase"]
[PlyCount "88"]
[EventDate "2022.07.09"]
[EventType "swiss"]
[EventCountry "POL"]
[SourceTitle "playchess.com"]
[Source "ChessBase"]
[SourceQuality "1"]
[TimeControl "40/5400+30:1800+30"]

1. d4 Nf6 2. c4 g6 3. Nf3 Bg7 4. g3 d6 5. Bg2 O-O 6. O-O Nc6 7. Nc3 e5 8. d5 Ne7 9. Qc2 a5 10. a3 Ne8 11. Rb1 f5 12. b4 b6 13. Qb3 h6 14. Bb2 axb4 15. axb4 g5 16. c5 f4 17. Ne4 Ng6 18. Ra1 Rxa1 19. Rxa1 Bf5 20. Nfd2 h5 21. cxb6 cxb6 22. b5 h4 23. Ra6 g4 24. Qc3 hxg3 25. hxg3 fxg3 26. fxg3 Nc7 27. Ra1 Nxb5 28. Qb4 Qd7 29. Nc4 Bxe4 30. Bxe4 Ne7 31. Nxb6 Qb7 32. Nc4 Nc8 33. Qd2 Qf7 34. e3 Qh5 35. Bg2 Bh6 36. Qe2 Qg5 37. Re1 Nc7 38. Ba3 Ne8 39. Qc2 Bg7 40. Qe2 Bh6 41. Rc1 Nb6 42. Kh1 Qh5+ 43. Kg1 Qg5 44. Kh1 Qh5+ 1/2-1/2

[Event "Najdorf Memorial-A 2022"]
[Site "Warsaw"]
[Date "2022.07.13"]
[Round "5.17"]
[White "Jaskiewicz, Kacper"]
[Black "Kowalczyk, Adam"]
[Result "1-0"]
[ECO "B40"]
[WhiteElo "1756"]
[BlackElo "1944"]
[Annotator "ChessBase"]
[PlyCount "57"]
[EventDate "2022.07.09"]
[EventType "swiss"]
[EventCountry "POL"]
[SourceTitle "playchess.com"]
[Source "ChessBase"]
[SourceQuality "1"]
[TimeControl "40/5400+30:1800+30"]

1. e4 c5 2. Nf3 e6 3. d4 cxd4 4. Nxd4 Nf6 5. Nc3 Nc6 6. Ndb5 Bb4 7. a3 Bxc3+ 8. Nxc3 d5 9. exd5 exd5 10. Bd3 d4 11. Ne2 h6 12. O-O Qb6 13. b4 Bg4 14. Bb2 O-O-O 15. f3 Be6 16. Qe1 Ne5 17. Qf2 Nxd3 18. cxd3 a6 19. Bxd4 Qb5 20. Nc3 Qxd3 21. Rfd1 Qf5 22. Rac1 Bc4 23. Bb6 Rd3 24. g4 Qxf3 25. Qxf3 Rxf3 26. Nd5 Nxd5 27. Rxc4+ Kb8 28. Rxd5 Re8 29. Rcd4 1-0

[Event "Najdorf Memorial-A 2022"]
[Site "Warsaw"]
[Date "2022.07.13"]
[Round "5.17"]
[White "Owoc, Jakub"]
[Black "Shilov, Sergej"]
[Result "1/2-1/2"]
[ECO "C58"]
[WhiteElo "1756"]
[BlackElo "2048"]
[Annotator "ChessBase"]
[PlyCount "36"]
[EventDate "2022.07.09"]
[EventType "swiss"]
[EventCountry "POL"]
[SourceTitle "playchess.com"]
[Source "ChessBase"]
[SourceQuality "1"]
[TimeControl "40/5400+30:1800+30"]

1. e4 e5 2. Nf3 Nc6 3. Bc4 Nf6 4. Ng5 d5 5. exd5 Na5 6. Bb5+ c6 7. dxc6 bxc6 8. Bd3 Nd5 9. Nf3 Nf4 10. O-O Bd6 11. Re1 O-O 12. Bf1 c5 13. Nxe5 Qg5 14. Nf3 Nh3+ 15. Kh1 Nxf2+ 16. Kg1 Nh3+ 17. Kh1 Nf2+ 18. Kg1 Nh3+ 1/2-1/2

[Event "Najdorf Memorial-A 2022"]
[Site "Warsaw"]
[Date "2022.07.13"]
[Round "5.18"]
[White "Lewandrowski, Tomasz"]
[Black "Rejniak, Zuzanna"]
[Result "1-0"]
[ECO "A45"]
[WhiteElo "1902"]
[BlackElo "1813"]
[Annotator "ChessBase"]
[PlyCount "83"]
[EventDate "2022.07.09"]
[EventType "swiss"]
[EventCountry "POL"]
[SourceTitle "playchess.com"]
[Source "ChessBase"]
[SourceQuality "1"]
[TimeControl "40/5400+30:1800+30"]

1. d4 Nf6 2. Nc3 d5 3. Bf4 e6 4. Nb5 Na6 5. e3 Be7 6. h4 Ne4 7. Bd3 c6 8. Bxe4 cxb5 9. Bd3 Qa5+ 10. Kf1 Nb4 11. Nf3 Nxd3 12. Qxd3 f6 13. g3 Bd7 14. Kg2 Bc6 15. Kh2 g6 16. Nd2 O-O-O 17. a4 bxa4 18. Rhc1 h6 19. g4 g5 20. Bg3 gxh4 21. Bxh4 h5 22. g5 fxg5 23. Bg3 h4 24. Be5 Rdf8 25. f4 Rhg8 26. c4 gxf4 27. Nb3 Qa6 28. Qh7 Kd8 29. Nc5 Bxc5 30. Qc7+ Ke8 31. dxc5 Bd7 32. Bd6 Qc6 33. Qb8+ Qc8 34. Qxa7 Rf7 35. exf4 dxc4 36. Be5 h3 37. Rg1 Rg2+ 38. Kxh3 Rxg1 39. Rxg1 Rf8 40. Rg3 Qc6 41. Kh2 Rf7 42. Rh3 1-0

[Event "Najdorf Memorial-A 2022"]
[Site "Warsaw"]
[Date "2022.07.13"]
[Round "5.19"]
[White "Sacharewicz, Krzysztof"]
[Black "Adamski, Jan"]
[Result "0-1"]
[ECO "B40"]
[WhiteElo "1832"]
[BlackElo "2136"]
[Annotator "ChessBase"]
[PlyCount "92"]
[EventDate "2022.07.09"]
[EventType "swiss"]
[EventCountry "POL"]
[SourceTitle "playchess.com"]
[Source "ChessBase"]
[SourceQuality "1"]
[TimeControl "40/5400+30:1800+30"]

1. e4 c5 2. Nf3 e6 3. c3 d5 4. exd5 Qxd5 5. d4 Nf6 6. Be3 cxd4 7. Qxd4 Nc6 8. Qxd5 Nxd5 9. Bc1 f6 10. Bc4 Nb6 11. Bb3 Na5 12. Bc2 e5 13. b3 Be6 14. c4 Rc8 15. Be3 Kf7 16. Nbd2 Nd7 17. Bd3 Nc6 18. O-O Nc5 19. Bxc5 Bxc5 20. Ne4 Be7 21. Rad1 Rhd8 22. h3 a6 23. Bb1 h6 24. Ng3 g6 25. Rfe1 Bb4 26. Rf1 f5 27. Ne2 Kf6 28. Bc2 Bc5 29. a4 e4 30. Nh2 Bd6 31. Rfe1 Nb4 32. Bb1 Be5 33. Nc1 Bc3 34. Rf1 Bd2 35. Na2 Nc6 36. Nc1 Bxc1 37. Rxc1 Nd4 38. Rfe1 Nxb3 39. Rc3 Bxc4 40. Ba2 Na5 41. Rec1 Be6 42. Rxc8 Rxc8 43. Rxc8 Bxc8 44. Nf1 Bd7 45. Ne3 Bxa4 46. Nd5+ Ke5 0-1

[Event "Najdorf Memorial-A 2022"]
[Site "Warsaw"]
[Date "2022.07.14"]
[Round "6.1"]
[White "Jarmula, Lukasz"]
[Black "Sarkar, Justin"]
[Result "0-1"]
[ECO "A45"]
[WhiteElo "2452"]
[BlackElo "2346"]
[Annotator "ChessBase"]
[PlyCount "126"]
[EventDate "2022.07.09"]
[EventType "swiss"]
[EventCountry "POL"]
[SourceTitle "playchess.com"]
[Source "ChessBase"]
[SourceQuality "1"]
[TimeControl "40/5400+30:1800+30"]

1. d4 Nf6 2. Bf4 d5 3. e3 Bg4 4. Nf3 e6 5. Nbd2 Bd6 6. Bg3 O-O 7. Bd3 c5 8. c3 Nc6 9. Qb1 Ne7 10. dxc5 Bxc5 11. Ne5 Bf5 12. Bh4 Bxd3 13. Nxd3 Bb6 14. Bxf6 gxf6 15. O-O f5 16. Qd1 Ng6 17. Qh5 Qh4 18. Qxh4 Nxh4 19. c4 Rac8 20. Rfc1 dxc4 21. Nxc4 Rfd8 22. Ne1 Bc7 23. g3 Ng6 24. Nf3 b5 25. Ncd2 Be5 26. Nxe5 Nxe5 27. Nb3 Nd3 28. Rxc8 Rxc8 29. Nd4 a6 30. b3 Kf8 31. Rd1 Rc1 32. Rxc1 Nxc1 33. a4 bxa4 34. bxa4 Ke7 35. Kg2 Nd3 36. f4 Nb2 37. a5 Kd6 38. Kh3 Nc4 39. Kh4 Nxa5 40. Kg5 Nc4 41. Nc2 a5 42. Kh6 Ke7 43. Kxh7 Kf8 44. h3 a4 45. g4 fxg4 46. hxg4 a3 47. g5 a2 48. e4 Nd6 49. g6 fxg6 50. Kxg6 Nxe4 51. Kh5 Ke7 52. Kg4 Kf6 53. Na1 Nd2 54. Kg3 Kf5 55. Kf2 Kxf4 56. Ke2 Nf3 57. Kd3 e5 58. Kc2 Nd4+ 59. Kd3 Kf3 60. Kc3 Ke3 61. Kc4 Kd2 62. Kd5 Kc3 63. Kxe5 Nb3 0-1